 Dungeon Crawl Stone Soup version 0.19.0-20-gbc5f0c6 (webtiles) character file.

77 smedtjen the Firebug (level 3, -14/27 HPs)
             Began as a Demigod Fire Elementalist on Nov 17, 2016.
             Demolished by Philosophy's ghost (15 damage)
             ... on level 3 of the Dungeon.
             The game lasted 00:24:19 (4729 turns).

smedtjen the Firebug (Demigod Fire Elementalist)    Turns: 4729, Time: 00:24:19

Health: -14/27     AC:  5    Str: 11    XL:     3   Next: 92%
Magic:  2/9        EV: 11    Int: 21    God:
Gold:   50         SH:  0    Dex: 16    Spells: 2 memorised, 3 levels left

rFire  . . .     SeeInvis .     p - +0 trident
rCold  + . .     Gourm    .     w - +0 ring mail
rNeg   . . .     Faith    .     (no shield)
rPois  .         Spirit   .     (no helmet)
rElec  .         Reflect  .     (no cloak)
rCorr  .         Harm     .     (no gloves)
MR     .....                    (no boots)
Stlth  +.........               (no amulet)
                                (no ring)
                                o - ring of protection from cold

@: very slightly contaminated
A: high mp 1
a: no special abilities


You were on level 3 of the Dungeon.
You were not hungry.

You visited 1 branch of the dungeon, and saw 3 of its levels.

You collected 50 gold pieces.

Inventory:

Hand Weapons
 f - a +0 club
 g - a +0 dagger
 p - a +0 trident (weapon)
Missiles
 e - 12 stones
 i - 45 arrows (quivered)
 r - 7 javelins
 v - 13 sling bullets
Armour
 a - a +0 robe
 h - a +0 chain mail
 k - a +0 scale mail
 q - a +0 cloak
 w - a +0 ring mail (worn)
 x - a +0 leather armour
Jewellery
 m - an uncursed amulet of magic regeneration {unknown}
 o - a ring of protection from cold (left hand)
Wands
 l - a wand of digging (10/24)
Scrolls
 j - a scroll of identify
 n - a scroll of enchant weapon
 u - a scroll of amnesia {unknown}
Potions
 d - a potion of brilliance {unknown}
 t - a potion of curing {unknown}
Books
 b - a book of Flames

   Spells                             Type                      Level
   a - Flame Tongue                   Conjuration/Fire             1
   b - Throw Flame                    Conjuration/Fire             2
   c - Conjure Flame                  Conjuration/Fire             3
   d - Inner Flame                    Hexes/Fire                   3
   e - Sticky Flame                   Conjuration/Fire             4
   f - Fireball                       Conjuration/Fire             5
Comestibles
 c - a bread ration


   Skills:
 + Level 0.3 Fighting
 + Level 0.5 Short Blades
 + Level 0.3 Polearms
 + Level 0.8 Armour
 + Level 2.1 Dodging
 + Level 1.8 Stealth
 + Level 0.1 Unarmed Combat
 + Level 2.2 Spellcasting
 + Level 1.7 Conjurations
 + Level 3.1 Fire Magic


You had 3 spell levels left.
You knew the following spells:

 Your Spells              Type           Power        Failure   Level  Hunger
a - Flame Tongue          Conj/Fire      ##...        14%         1    #......
b - Throw Flame           Conj/Fire      ##....       21%         2    ##.....


Dungeon Overview and Level Annotations

Branches:
Dungeon (3/15)

Annotations:
D:3 Philosophy's ghost, amateur HOFi


Innate Abilities, Weirdness & Mutations

You have an increased reservoir of magic. (+10% MP)


Message History

Casting: Throw Flame
Confirm with . or Enter, or press ? or * to list all spells.
You don't have enough magic to cast that spell.
You barely miss Philosophy's ghost.
Philosophy's ghost is moderately damaged.
Philosophy's ghost barely misses you.
The quokka bites you but does no damage.
Philosophy's ghost misses you.
You barely miss Philosophy's ghost.
Philosophy's ghost is moderately damaged.
The quokka barely misses you. Philosophy's ghost hits you!
* * * LOW HITPOINT WARNING * * *
As you read the scroll labeled ATYUC VIODGH, it crumbles to dust.
It is a scroll of identify.
n - a scroll of enchant weapon The quokka bites you.
* * * LOW HITPOINT WARNING * * *
Philosophy's ghost hits you!
Ouch! That really hurt!
You die...

..#.##.####.#
.........##.# ###
#.#.##.#.##.# #.. #
....##.#.##.# #.#
#####..# #.####.#.##.#
#.# #......# #.#
#......# ##.###.###.##
..# ###...#####...##.#
###
#.......##.....#.###.#
#.......#...@W.......#
#....[..#....r...##### #
##.#...###.>.....##
####......####.......##
'......................
####....########.#...###
# ##.#.# #.##.## #..#.#
...### #.#.## #.#


You could see Philosophy's ghost and a quokka.

Vanquished Creatures
  2 adders (D:2)
  2 worms (D:2)
  A leopard gecko (D:1)
  3 giant cockroaches
  8 goblins
  7 hobgoblins
  3 jackals (D:1)
  A quokka (D:3)
  2 ball pythons
  10 bats
  2 frilled lizards
  5 kobolds
  3 rats
49 creatures vanquished.

Notes
Turn   | Place    | Note
-------+----------+-------------------------------------------
     0 | D:1      | smedtjen the Demigod Fire Elementalist began the quest for the Orb.
     0 | D:1      | Reached XP level 1. HP: 14/14 MP: 5/5
  1035 | D:1      | Reached XP level 2. HP: 19/20 MP: 7/7
  1039 | D:1      | Learned a level 2 spell: Throw Flame
  1229 | D:1      | Reached skill level 1 in Conjurations
  1306 | D:1      | Reached skill level 3 in Fire Magic
  2682 | D:2      | Reached XP level 3. HP: 14/26 MP: 0/8
  4711 | D:3      | Noticed Philosophy's ghost (amateur HOFi)
  4729 | D:3      | HP: 1/27 [quokka (4)]
  4729 | D:3      | Demolished by Philosophy's ghost

Skill      XL: |  1  2 |
---------------+-------+-----
Dodging        | 2 |  2.1
Conjurations   | 1 |  1.7
Fire Magic     | 3 |  3.1
Spellcasting   | 2 |  2.2
Fighting       | |  0.3
Short Blades   | |  0.5
Polearms       | |  0.3
Armour         | |  0.8
Stealth        | |  1.8
Unarmed Combat | |  0.1

Action                   || total
-------------------------++-------
Melee: Dagger            ||    89
       Unarmed           ||     5
       Trident           ||    20
 Cast: Flame Tongue      ||    40
       Throw Flame       ||    18
  Use: Scroll            ||     1
  Eat: Chunk             ||     8
       Beef jerky        ||     1
       Bread ration      ||     1
       Pizza             ||     1
Armor: Leather armour    ||    37
       Scale mail        ||    49
       Ring mail         ||     2
Dodge: Dodged            ||   138
